[Event "Stadtmeisterschaft Ulm/Neu Ulm 2009"]
[Site "Ulm"]
[Date "2009.11.27"]
[Round "6"]
[White "Schultze, Andreas"]
[Black "Krassowizkij, Jaroslaw"]
[Result "1-0"]
[ECO "C01"]
[WhiteElo "2181"]
[BlackElo "2110"]
[Annotator ",Fred"]
[PlyCount "63"]
[EventDate "2010.??.??"]
[TimeControl "40/5400+30:0"]

1. e4 e6 2. d4 d5 3. exd5 exd5 4. Bd3 Nc6 5. c3 Bd6 6. Ne2 Qf6 7. Ng3 g6 8. Be3
h5 9. Nd2 h4 10. Ne2 Nge7 11. h3 Be6 12. Nf3 Nf5 13. Bg5 Qg7 14. Bxf5 gxf5 15.
Rg1 Kd7 16. Qd2 f6 17. Bxh4 f4 18. Nxf4 Bf5 19. O-O-O Be4 20. Nd3 b6 21. Bg3
Bxg3 22. fxg3 Qxg3 23. Qf4 Qxf4+ 24. Nxf4 Rae8 25. Nd2 Kd6 26. Rde1 f5 27.
Nxe4+ fxe4 28. g4 Ne7 29. Kd2 Reg8 30. Ref1 Rh4 31. Rh1 Rh7 32. Nh5 1-0

[Event "Stadtmeisterschaft Ulm/Neu Ulm 2009"]
[Site "Ulm"]
[Date "2009.11.27"]
[Round "6"]
[White "Grosse, Manfred"]
[Black "Frieder, Smolny"]
[Result "1-0"]
[ECO "C55"]
[WhiteElo "1853"]
[BlackElo "1970"]
[Annotator ",Fred"]
[PlyCount "125"]
[EventDate "2010.??.??"]
[TimeControl "40/5400+30:0"]

1. e4 e5 2. Nf3 Nc6 3. Bc4 Nf6 4. d3 Be7 5. O-O d6 6. c3 O-O 7. Nbd2 Na5 8. Bb5
a6 9. Ba4 b5 10. Bc2 c5 11. d4 cxd4 12. cxd4 Re8 13. Re1 exd4 14. Nxd4 Bb7 15.
Nf1 Rc8 16. Ng3 Bf8 17. Bf4 Nc4 18. b3 Ne5 19. Qe2 d5 20. Bxe5 Rxe5 21. Nf3 Re8
22. e5 d4 23. Qd3 Rc3 24. Qxd4 Qxd4 25. Nxd4 Ng4 26. Be4 Bc5 27. Rad1 Rd8 28.
Bxb7 Bxd4 29. Rxd4 Rxd4 30. Ne2 Rd7 31. Nxc3 Rxb7 32. f3 Rc7 33. Nxb5 axb5 34.
fxg4 Rc2 35. a4 bxa4 36. bxa4 Ra2 37. Re4 g5 38. h3 Kg7 39. Kh2 Kg6 40. e6 fxe6
41. Rxe6+ Kg7 42. Ra6 Ra3 43. a5 h6 44. Ra7+ Kf6 45. a6 Kg6 46. Kg1 Ra2 47. Kf1
Kf6 48. Ra8 Kg7 49. g3 Kh7 50. h4 gxh4 51. gxh4 h5 52. g5 Ra4 53. a7 Kg7 54.
Kf2 Ra3 55. Ke2 Kh7 56. Kd2 Kg7 57. Kc2 Kh7 58. Kb2 Ra5 59. Kb3 Kg7 60. Kb4 Ra1
61. Kc5 Ra5+ 62. Kb6 Ra2 63. Rc8 1-0

[Event "Stadtmeisterschaft Ulm/Neu Ulm 2009"]
[Site "Ulm"]
[Date "2009.11.27"]
[Round "6"]
[White "Schwab, Matthias"]
[Black "Anistratov, Dimitrij"]
[Result "1/2-1/2"]
[ECO "A55"]
[WhiteElo "2047"]
[BlackElo "2274"]
[Annotator ",Fred"]
[PlyCount "85"]
[EventDate "2010.??.??"]
[TimeControl "40/5400+30:0"]

1. d4 d6 2. c4 Nf6 3. Nc3 Nbd7 4. Nf3 c6 5. e4 e5 6. Be2 Be7 7. O-O O-O 8. h3
Re8 9. d5 Nf8 10. Qc2 Ng6 11. Rd1 c5 12. a3 Rf8 13. b4 b6 14. Be3 Nh5 15. bxc5
bxc5 16. Nxe5 Nxe5 17. Bxh5 Nxc4 18. Bf4 Bf6 19. Ra2 Qa5 20. Be2 Ba6 21. Na4
Bb5 22. Bxc4 Bxa4 23. Bb3 Bxb3 24. Qxb3 Qa6 25. Qg3 Rad8 26. e5 dxe5 27. Bxe5
Bxe5 28. Qxe5 Qa4 29. Raa1 Rfe8 30. Qc3 c4 31. Rd4 Qb3 32. Qxb3 cxb3 33. Rb1
Rb8 34. Rd3 b2 35. Rd2 Rb3 36. Rbxb2 Rxa3 37. Rb7 Ra6 38. Re2 Rf8 39. Ree7 Rd6
40. Rb5 a6 41. Ra5 Ra8 42. Rc7 g6 43. Rc6 1/2-1/2

[Event "Stadtmeisterschaft Ulm/Neu Ulm 2009"]
[Site "Ulm"]
[Date "2009.11.27"]
[Round "6"]
[White "Lepschi, Albert"]
[Black "Deißler, Helmut"]
[Result "1/2-1/2"]
[ECO "D16"]
[WhiteElo "1716"]
[BlackElo "1799"]
[Annotator ",Fred"]
[PlyCount "87"]
[EventDate "2009.??.??"]
[TimeControl "40/5400+30:0"]

1. d4 d5 2. c4 c6 3. Nf3 Nf6 4. Nc3 dxc4 5. a4 Bg4 6. Ne5 Nbd7 7. Nxc4 Qc7 8.
g3 e5 9. dxe5 Nxe5 10. Bf4 Rd8 11. Qc2 Bd6 12. Nxd6+ Qxd6 13. Bg2 Qe6 14. O-O
O-O 15. Rad1 Rfe8 16. Rxd8 Rxd8 17. Ne4 Nxe4 18. Bxe4 Ng6 19. Bc7 Rd7 20. Ba5
Qd6 21. Bc3 Nf8 22. Re1 Bh5 23. Bf5 Bg6 24. Bxg6 hxg6 25. Qe4 Ne6 26. Qe3 b6
27. Kg2 Qd5+ 28. Kg1 f6 29. Rc1 Kf7 30. Re1 Nc5 31. a5 Na4 32. axb6 axb6 33.
Ra1 b5 34. Rc1 c5 35. Qf3 Qxf3 36. exf3 b4 37. Be1 Nxb2 38. Rxc5 Rd1 39. Rc7+
Ke6 40. Kf1 Rb1 41. Ke2 Na4 42. Rc4 Rb2+ 43. Kf1 Nc3 44. Bxc3 1/2-1/2

[Event "Stadtmeisterschaft Ulm/Neu Ulm 2009"]
[Site "Ulm"]
[Date "2009.11.27"]
[Round "6"]
[White "Fuchs, Martin"]
[Black "Heinrich, Klaus"]
[Result "1-0"]
[ECO "B01"]
[WhiteElo "1753"]
[BlackElo "1829"]
[Annotator ",Fred"]
[PlyCount "75"]
[EventDate "2009.??.??"]
[TimeControl "40/5400+30:0"]

1. e4 d5 2. exd5 Nf6 3. d4 Bg4 4. Nf3 Qxd5 5. Be2 Nc6 6. c3 O-O-O 7. O-O e5 8.
c4 Qa5 9. d5 Bxf3 10. Bxf3 Nd4 11. Bd2 Bb4 12. a3 Nxf3+ 13. gxf3 Bxd2 14. Nxd2
Nh5 15. Kh1 Qb6 16. b4 Qd4 17. Qe2 Rd6 18. Qe3 Qh4 19. Qxe5 Rh6 20. Qf5+ Kb8
21. Qg4 Qd8 22. Rae1 Rf8 23. Re5 Nf6 24. Qg3 Nh5 25. Qg2 f6 26. Re3 g5 27. Rfe1
Nf4 28. Qg1 Rh4 29. Re7 Ng6 30. R7e4 Nf4 31. Nb3 f5 32. R4e3 a6 33. Nc5 Qf6 34.
Nd7+ Ka7 35. Nxf6 Rxf6 36. Qxg5 Rfh6 37. Qg3 Ng6 38. Qxc7 1-0

[Event "Stadtmeisterschaft Ulm/Neu Ulm 2009"]
[Site "Ulm"]
[Date "2009.11.27"]
[Round "6"]
[White "Gebhardt, Uwe"]
[Black "Unseld, Rolf"]
[Result "1-0"]
[ECO "A52"]
[WhiteElo "1941"]
[BlackElo "1740"]
[Annotator ",Fred"]
[PlyCount "81"]
[EventDate "2009.??.??"]
[TimeControl "40/5400+30:0"]

1. d4 Nf6 2. c4 e5 3. dxe5 Ng4 4. Bf4 Nc6 5. Nf3 Bb4+ 6. Nbd2 Qe7 7. e3 Ngxe5
8. Nxe5 Nxe5 9. Be2 Bxd2+ 10. Qxd2 d6 11. O-O Be6 12. Qc3 Bd7 13. c5 Ng6 14.
Bg3 dxc5 15. Rfd1 O-O 16. Bf3 Bc8 17. Rac1 Re8 18. Qxc5 Qxc5 19. Rxc5 c6 20. b4
Be6 21. a3 Rad8 22. Rxd8 Rxd8 23. h4 Bd5 24. e4 Be6 25. Rc3 Ne7 26. h5 Nc8 27.
h6 gxh6 28. Bf4 Kg7 29. Be2 Ne7 30. Rg3+ Ng6 31. Be5+ f6 32. Bc3 b6 33. f4 Kf7
34. f5 Bc8 35. fxg6+ hxg6 36. Rf3 f5 37. exf5 gxf5 38. Rg3 a5 39. Rg7+ Kf8 40.
Rc7 Bd7 41. bxa5 1-0

[Event "Stadtmeisterschaft Ulm/Neu Ulm 2009"]
[Site "Ulm"]
[Date "2009.11.27"]
[Round "6"]
[White "Sander, Luzia"]
[Black "Geutebrück, Sebastian"]
[Result "1/2-1/2"]
[ECO "D02"]
[WhiteElo "1786"]
[BlackElo "1910"]
[Annotator ",Fred"]
[PlyCount "50"]
[EventDate "2009.??.??"]
[TimeControl "40/5400+30:0"]

1. d4 d5 2. Nf3 c6 3. Bf4 Nf6 4. h3 Qb6 5. b3 Bf5 6. e3 e6 7. Bd3 Ne4 8. O-O
Nd7 9. c4 dxc4 10. Bxc4 Ndf6 11. Ne5 Bb4 12. a3 Bc3 13. Nxc3 Nxc3 14. Qe1 Ncd5
15. Bh2 Qd8 16. f3 Nb6 17. Be2 O-O 18. Rd1 Bc2 19. Rc1 Bxb3 20. Qb4 Ba4 21. e4
Re8 22. Ng4 Nxg4 23. fxg4 Qe7 24. Bd6 Qg5 25. Bf4 Qe7 1/2-1/2

[Event "Stadtmeisterschaft Ulm/Neu Ulm 2009"]
[Site "Ulm"]
[Date "2009.11.27"]
[Round "6"]
[White "Schmid, Franz"]
[Black "Jahn, Manfred"]
[Result "1-0"]
[ECO "D15"]
[WhiteElo "1920"]
[BlackElo "1689"]
[Annotator ",Fred"]
[PlyCount "61"]
[EventDate "2009.??.??"]
[TimeControl "40/5400+30:0"]

1. d4 d5 2. c4 c6 3. Nc3 dxc4 4. Nf3 Nf6 5. e3 b5 6. a4 b4 7. Na2 a5 8. Bxc4
Ba6 9. Qe2 e6 10. O-O Bd6 11. Re1 O-O 12. e4 Be7 13. Bf4 Qb6 14. Rad1 Nbd7 15.
Nc1 Rfe8 16. Nb3 c5 17. d5 exd5 18. exd5 Bd6 19. Be3 Ng4 20. Qc2 Qc7 21. Bxa6
Bxh2+ 22. Kf1 Nxe3+ 23. Rxe3 Rxe3 24. fxe3 Rxa6 25. Nbd4 Rf6 26. Nf5 Bd6 27.
Qe4 Kf8 28. Kg1 c4 29. Ng5 Kg8 30. Ne7+ Bxe7 31. Qxh7+ 1-0

[Event "Stadtmeisterschaft Ulm/Neu Ulm 2009"]
[Site "Ulm"]
[Date "2009.11.27"]
[Round "6"]
[White "Hartmann, Thomas"]
[Black "Schmidt, Waldemar"]
[Result "1-0"]
[ECO "D11"]
[WhiteElo "1871"]
[BlackElo "1689"]
[Annotator ",Fred"]
[PlyCount "101"]
[EventDate "2009.??.??"]
[TimeControl "40/5400+30:0"]

1. d4 Nf6 2. c4 c6 3. Nf3 d5 4. Qc2 Bg4 5. Ne5 Qc8 6. Bf4 Qf5 7. Qxf5 Bxf5 8.
e3 e6 9. f3 h6 10. g4 Bh7 11. h4 h5 12. g5 Nfd7 13. Nc3 Nxe5 14. dxe5 Nd7 15.
Rc1 dxc4 16. Bxc4 Nc5 17. Ke2 O-O-O 18. Rhd1 Be7 19. b4 Nd7 20. a3 Nb6 21. Bb3
Rxd1 22. Rxd1 Rd8 23. Rxd8+ Kxd8 24. e4 Nd7 25. Bg3 Nf8 26. f4 f6 27. exf6 gxf6
28. Kd3 Kd7 29. Ne2 c5 30. gxf6 Bxf6 31. bxc5 Ng6 32. Nd4 e5 33. fxe5 Nxe5+ 34.
Bxe5 Bxe5 35. Bf7 Bg3 36. Bxh5 Bxh4 37. Bg4+ Kc7 38. Bf5 Bg8 39. e5 Be7 40.
Nb5+ Kb8 41. Nd6 Kc7 42. Kd4 b6 43. Nb5+ Kb8 44. c6 Bd8 45. e6 Be7 46. Kd5 a6
47. Nd6 Kc7 48. Ne4 Bxa3 49. Nf6 Bxe6+ 50. Bxe6 Kd8 51. Ne8 1-0

[Event "Stadtmeisterschaft Ulm/Neu Ulm 2009"]
[Site "Ulm"]
[Date "2009.12.04"]
[Round "6"]
[White "Hackstein, Urs"]
[Black "Frühsorger, Dieter"]
[Result "1/2-1/2"]
[ECO "A45"]
[WhiteElo "1747"]
[BlackElo "1623"]
[Annotator ",Fred"]
[PlyCount "107"]
[EventDate "2009.??.??"]
[TimeControl "40/5400+30:0"]

1. d4 Nf6 2. Bg5 Ne4 3. Bf4 g5 4. Bg3 h5 5. Qd3 d5 6. h4 Nxg3 7. Qxg3 g4 8. Nd2
e6 9. Qd3 b6 10. c3 Ba6 11. Qc2 Bd6 12. g3 f5 13. e3 Bxf1 14. Nxf1 Nd7 15. Ne2
Qf6 16. Nd2 c5 17. Rc1 c4 18. b3 b5 19. O-O Kf7 20. Kg2 a5 21. Rb1 Rhb8 22.
Rfc1 Nb6 23. Re1 cxb3 24. axb3 a4 25. b4 Rc8 26. Rec1 Nc4 27. Nxc4 Rxc4 28. Qa2
Rac8 29. Rc2 Kg6 30. Rbc1 Qe7 31. Nf4+ Kh6 32. Qb2 R8c6 33. Kg1 Qd7 34. Kg2 Qc8
35. Nd3 Qc7 36. Kh2 Qe7 37. Kg2 e5 38. Re2 a3 39. Qd2 e4 40. Nc5 Bxc5 41. bxc5
Qa7 42. Rb1 Qa4 43. Rb4 Rxb4 44. cxb4 Ra6 45. Qa2 Qxb4 46. Qxd5 Qc4 47. Qxf5
Qxe2 48. Qg5+ Kh7 49. Qxh5+ Kg7 50. Qg5+ Kf7 51. Qf5+ Ke8 52. Qxe4+ Kd8 53.
Qd5+ Kc7 54. Qf7+ 1/2-1/2

[Event "Stadtmeisterschaft Ulm/Neu Ulm 2009"]
[Site "Ulm"]
[Date "2009.11.27"]
[Round "6"]
[White "Andritzke, Karl-Heinz"]
[Black "Krauß, Rainer"]
[Result "1-0"]
[ECO "A12"]
[WhiteElo "1414"]
[BlackElo "1726"]
[Annotator ",Fred"]
[PlyCount "63"]
[EventDate "2009.??.??"]
[TimeControl "40/5400+30:0"]

1. Nf3 Nf6 2. c4 c6 3. b3 d5 4. e3 Bg4 5. Bb2 e6 6. Be2 Be7 7. Na3 O-O 8. Nc2
Nbd7 9. O-O Nb6 10. d3 h6 11. Rc1 Nh7 12. h3 Bh5 13. Ne5 Bxe2 14. Qxe2 Bf6 15.
f4 Qc7 16. d4 dxc4 17. bxc4 Bxe5 18. fxe5 c5 19. dxc5 Qxc5 20. Ba3 Qxc4 21.
Qxc4 Nxc4 22. Bxf8 Kxf8 23. Nd4 Nxe3 24. Rf3 Nd5 25. Nxe6+ Kg8 26. Nf4 Nb4 27.
Rc7 b6 28. e6 Ng5 29. exf7+ Nxf7 30. Ne6 Ne5 31. Rxg7+ Kh8 32. Rf6 1-0

[Event "Stadtmeisterschaft Ulm/Neu Ulm 2009"]
[Site "Ulm"]
[Date "2009.11.27"]
[Round "6"]
[White "Rix, Michael"]
[Black "Hegstberger, Ulli"]
[Result "1/2-1/2"]
[ECO "E60"]
[WhiteElo "1645"]
[BlackElo "1471"]
[Annotator ",Fred"]
[PlyCount "70"]
[EventDate "2009.??.??"]
[TimeControl "40/5400+30:0"]

1. d4 Nf6 2. Nf3 g6 3. c4 Bg7 4. g3 O-O 5. Bg2 e6 6. O-O d5 7. Nc3 dxc4 8. Ne5
Ne8 9. e3 Nd6 10. Qa4 Bd7 11. Nxd7 Nxd7 12. Ne4 Nb6 13. Qc2 c6 14. Nxd6 Qxd6
15. Rd1 Rad8 16. a4 a5 17. Bd2 Ra8 18. Bc3 Nd5 19. e4 Nxc3 20. bxc3 Rad8 21.
Rab1 Qc7 22. Qa2 e5 23. Qxc4 Rd7 24. Bh3 Re7 25. Bg2 Rb8 26. Qb3 Rd7 27. Bh3
Rdd8 28. d5 cxd5 29. exd5 e4 30. c4 Qc5 31. Qb5 Bd4 32. Qxc5 Bxc5 33. Re1 Re8
34. Bg2 f5 35. Rbd1 Rbd8 1/2-1/2

[Event "Stadtmeisterschaft Ulm/Neu Ulm 2009"]
[Site "Ulm"]
[Date "2009.11.27"]
[Round "6"]
[White "Kühn, Bernd"]
[Black "von Koschitzky, Ignatio Simo"]
[Result "1-0"]
[ECO "C44"]
[WhiteElo "1702"]
[BlackElo "1305"]
[Annotator ",Fred"]
[PlyCount "71"]
[EventDate "2009.??.??"]
[TimeControl "40/5400+30:0"]

1. Nf3 Nc6 2. e4 e5 3. d4 d6 4. d5 Nce7 5. c4 Nf6 6. Nc3 Ng6 7. Be2 Be7 8. h3
O-O 9. O-O Nf4 10. Bxf4 exf4 11. Qd2 Ne8 12. Qxf4 f5 13. Qd2 fxe4 14. Nxe4 Nf6
15. Ng3 Qe8 16. Rfe1 h6 17. Bd3 Qf7 18. Nh4 Nh7 19. Ng6 Re8 20. Qe2 Bd7 21.
Nxe7+ Kh8 22. Bg6 Qf6 23. Bxe8 Rxe8 24. Rac1 Qg5 25. Qe4 Nf6 26. Qg6 Qd2 27.
Qc2 Qg5 28. Ng6+ Kg8 29. Rxe8+ Bxe8 30. Ne7+ Kh8 31. Re1 Bf7 32. Ne4 Nxe4 33.
Qxe4 Qf6 34. Qf5 Qxf5 35. Nxf5 Bg6 36. g4 1-0

[Event "Stadtmeisterschaft Ulm/Neu Ulm 2009"]
[Site "Ulm"]
[Date "2009.11.27"]
[Round "6"]
[White "Ziad, Amar"]
[Black "Förderreuther, Jonas"]
[Result "0-1"]
[ECO "A80"]
[WhiteElo "1488"]
[BlackElo "1623"]
[Annotator ",Fred"]
[PlyCount "72"]
[EventDate "2009.??.??"]
[TimeControl "40/5400+30:0"]

1. d4 f5 2. Nf3 Nf6 3. e3 g6 4. Bd3 Bg7 5. Nbd2 d6 6. b3 O-O 7. Bb2 Nc6 8. c4
e5 9. dxe5 dxe5 10. Be2 Nh5 11. a3 e4 12. Nd4 Nxd4 13. exd4 Nf4 14. O-O Bxd4
15. Bxd4 Qxd4 16. c5 Nxe2+ 17. Qxe2 Be6 18. Nf3 Qxc5 19. Rfc1 Qd6 20. Ng5 Bd5
21. Rd1 c6 22. b4 h6 23. Nh3 Rae8 24. Qe3 f4 25. Qxa7 g5 26. Qxb7 g4 27. b5
gxh3 28. bxc6 Qg6 29. g3 fxg3 30. fxg3 Bxc6 31. Qb3+ Kh7 32. Qb4 Rf3 33. Qe1 e3
34. Rab1 e2 35. Rb7+ Bxb7 36. Rd7+ Re7 0-1

[Event "Stadtmeisterschaft Ulm/Neu Ulm 2009"]
[Site "Ulm"]
[Date "2009.11.27"]
[Round "6"]
[White "Krapf, Katharina"]
[Black "Goda, Frederic"]
[Result "0-1"]
[ECO "A17"]
[WhiteElo "1225"]
[BlackElo "1605"]
[Annotator ",Fred"]
[PlyCount "44"]
[EventDate "2009.??.??"]
[TimeControl "40/5400+30:0"]

1. c4 Nf6 2. Nc3 e6 3. e3 d5 4. d4 Be7 5. Nf3 O-O 6. Bd2 c5 7. Be2 cxd4 8. exd4
dxc4 9. Bxc4 Nc6 10. Be3 e5 11. dxe5 Ng4 12. Bd4 Nxd4 13. Nxd4 Bc5 14. Nce2
Nxe5 15. Bb3 Qa5+ 16. Nc3 Rd8 17. O-O Bg4 18. Bxf7+ Nxf7 19. Qxg4 Rxd4 20. Qf3
Nd6 21. Rfe1 Rf8 22. Qg3 Rdf4 0-1

[Event "Stadtmeisterschaft Ulm/Neu Ulm 2009"]
[Site "Ulm"]
[Date "2009.11.27"]
[Round "6"]
[White "Mavraj, Miftar"]
[Black "Goda, Robert-Renè"]
[Result "0-1"]
[ECO "A45"]
[WhiteElo "796"]
[BlackElo "1544"]
[Annotator ",Fred"]
[PlyCount "46"]
[EventDate "2009.??.??"]
[TimeControl "40/5400+30:0"]

1. d4 Nf6 2. Nc3 g6 3. Bf4 d6 4. e4 Bg7 5. e5 Nh5 6. Nge2 c6 7. Ng3 Nxf4 8. Qf3
Ne6 9. d5 cxd5 10. Bb5+ Bd7 11. Bxd7+ Qxd7 12. Nxd5 Bxe5 13. Ne4 O-O 14. c3 Nc7
15. Nxc7 Qxc7 16. Ng5 Qc5 17. Qh3 Bxc3+ 18. Qxc3 Qxg5 19. O-O Nc6 20. Qf3 Rac8
21. Rac1 Nd4 22. Qd1 Rxc1 23. Qxc1 Ne2+ 0-1

[Event "Stadtmeisterschaft Ulm/Neu Ulm 2009"]
[Site "Ulm"]
[Date "2009.11.27"]
[Round "6"]
[White "Radovic, Miodrag"]
[Black "Haitov, Haim"]
[Result "0-1"]
[ECO "A41"]
[WhiteElo "1506"]
[BlackElo "1386"]
[Annotator ",Fred"]
[PlyCount "76"]
[EventDate "2009.??.??"]
[TimeControl "40/5400+30:0"]

1. d4 g6 2. Bf4 Bg7 3. Nf3 d6 4. e3 Nf6 5. h3 c6 6. Bd3 b5 7. Nbd2 Nbd7 8. c3
a5 9. Qc2 Nh5 10. Bh2 e5 11. g4 Nhf6 12. dxe5 dxe5 13. Nxe5 Bb7 14. O-O Qb6 15.
Nxd7 Nxd7 16. Ne4 O-O 17. Rad1 Rad8 18. Bd6 Rfe8 19. Bf4 Ba8 20. Ng5 a4 21. c4
Nc5 22. Be2 h6 23. Nf3 b4 24. Bd6 b3 25. axb3 axb3 26. Qc1 Na4 27. Ba3 c5 28.
Nh2 Qf6 29. Rxd8 Rxd8 30. Rd1 Be4 31. Rxd8+ Qxd8 32. Bd1 Qb8 33. f3 Qg3+ 34.
Kh1 Qe1+ 35. Kg2 Bc2 36. e4 Qxd1 37. Qe3 Bd4 38. Qf4 Qg1# 0-1

[Event "Stadtmeisterschaft Ulm/Neu Ulm 2009"]
[Site "Ulm"]
[Date "2009.11.27"]
[Round "6"]
[White "Huppertz, Anton"]
[Black "Schmollinger, Jonathan"]
[Result "0-1"]
[ECO "A10"]
[WhiteElo "1349"]
[BlackElo "1262"]
[Annotator ",Fred"]
[PlyCount "41"]
[EventDate "2009.??.??"]
[TimeControl "40/5400+30:0"]

1. c4 g6 2. g3 Bg7 3. Bg2 c6 4. d4 b6 5. e4 Bb7 6. Ne2 d6 7. Nbc3 Nd7 8. b4 c5
9. bxc5 bxc5 10. Be3 Qc7 11. Qd2 Ngf6 12. h3 Ba6 13. e5 dxe5 14. Bxa8 exd4 15.
Nxd4 cxd4 16. Qxd4 O-O 17. Qd2 Rxa8 18. Rc1 Ne5 19. Nd5 Nxd5 20. Qxd5 Rd8 21.
Qxd8+ 0-1

[Event "Stadtmeisterschaft Ulm/Neu Ulm 2009"]
[Site "Ulm"]
[Date "2009.11.20"]
[Round "5"]
[White "Jahn, Manfred"]
[Black "Andritzke, Karl-Heinz"]
[Result "0-1"]
[ECO "E21"]
[WhiteElo "1689"]
[BlackElo "1414"]
[Annotator ",Fred"]
[PlyCount "56"]
[EventDate "2009.??.??"]
[TimeControl "40/5400+30:0"]

1. d4 Nf6 2. c4 e6 3. Nc3 Bb4 4. Bg5 O-O 5. Nf3 b6 6. e3 Bb7 7. Bd3 d6 8. O-O
Bxc3 9. bxc3 Nbd7 10. Re1 c5 11. e4 Qc7 12. Qc2 e5 13. Rac1 Rfe8 14. h3 Re6 15.
Be3 Nf8 16. Ng5 Ree8 17. d5 h6 18. Nf3 Ng6 19. Qd2 Kh7 20. Nh2 Nh5 21. Ng4 Nhf4
22. Bc2 Rad8 23. Bxf4 Nxf4 24. Ne3 Bc8 25. Bd1 Qe7 26. Bg4 Bxg4 27. Nxg4 Qg5
28. f3 Nxh3+ 0-1

[Event "Stadtmeisterschaft Ulm/Neu Ulm 2009"]
[Site "Ulm"]
[Date "2009.12.11"]
[Round "7"]
[White "Grosse, Manfred"]
[Black "Schulze, Andreas"]
[Result "1/2-1/2"]
[ECO "C42"]
[WhiteElo "1853"]
[BlackElo "2181"]
[Annotator ",Fred"]
[PlyCount "52"]
[EventDate "2009.??.??"]
[TimeControl "40/5400+30:0"]

1. e4 e5 2. Nf3 Nf6 3. Nxe5 d6 4. Nf3 Nxe4 5. d4 d5 6. Bd3 Be7 7. O-O Nc6 8. c4
Nb4 9. Re1 Nxd3 10. Qxd3 c6 11. Nc3 Nxc3 12. bxc3 O-O 13. Bf4 Be6 14. cxd5 cxd5
15. Rab1 b6 16. Ne5 Bf6 17. Rb3 Bxe5 18. Rxe5 Qd7 19. Bd2 Rfe8 20. h3 f6 21.
Re3 Bf5 22. Qb5 Rxe3 23. Qxd7 Bxd7 24. Bxe3 Rc8 25. Bd2 Re8 26. Kf1 Bf5 1/2-1/2

[Event "Stadtmeisterschaft Ulm/Neu Ulm 2009"]
[Site "Ulm"]
[Date "2009.12.11"]
[Round "7"]
[White "Anistratov, Dimitrij"]
[Black "Wolf, Rainer"]
[Result "1-0"]
[ECO "A35"]
[WhiteElo "2274"]
[BlackElo "1961"]
[Annotator ",Fred"]
[PlyCount "47"]
[EventDate "2009.??.??"]
[TimeControl "40/5400+30:0"]

1. Nf3 Nf6 2. c4 c5 3. Nc3 Nc6 4. g3 e5 5. Bg2 d6 6. O-O h6 7. Ne1 Be6 8. Nd5
Qd7 9. Nc2 Nh7 10. e3 O-O-O 11. b4 Bh3 12. e4 g6 13. f4 Bxg2 14. Kxg2 f5 15.
bxc5 dxc5 16. exf5 gxf5 17. Rb1 Bg7 18. Rb5 Qd6 19. Nce3 Rdf8 20. Ba3 exf4 21.
Bxc5 f3+ 22. Rxf3 Qd7 23. Bxa7 Ng5 24. Nb6+ 1-0

[Event "Stadtmeisterschaft Ulm/Neu Ulm 2009"]
[Site "Ulm"]
[Date "2009.12.11"]
[Round "7"]
[White "Krassowizkij, Jaroslaw"]
[Black "Fuchs, Martin"]
[Result "1-0"]
[ECO "C45"]
[WhiteElo "2110"]
[BlackElo "1753"]
[Annotator ",Fred"]
[PlyCount "63"]
[EventDate "2009.??.??"]
[TimeControl "40/5400+30:0"]

1. e4 e5 2. Nf3 Nc6 3. d4 exd4 4. Nxd4 Bc5 5. Be3 Qf6 6. c3 Nge7 7. g3 O-O 8.
Bg2 Ne5 9. b4 Bb6 10. Nd2 Nd3+ 11. Ke2 Bxd4 12. Bxd4 Qa6 13. b5 Qxb5 14. c4 Qc6
15. Kxd3 Qd6 16. c5 Qa6+ 17. Ke3 Nf5+ 18. exf5 Re8+ 19. Ne4 d5 20. cxd6 Bxf5
21. g4 Bxe4 22. Bxe4 f5 23. gxf5 Rxe4+ 24. Kxe4 Re8+ 25. Kf3 Qc6+ 26. Kg3 Qxd6+
27. f4 g5 28. fxg6 hxg6 29. Qb3+ Kh7 30. Qf7+ Kh6 31. Qg7+ Kh5 32. Qh7# 1-0

[Event "Stadtmeisterschaft Ulm/Neu Ulm 2009"]
[Site "Ulm"]
[Date "2009.12.11"]
[Round "7"]
[White "Schwab, Matthias"]
[Black "Schmid, Franz"]
[Result "1-0"]
[ECO "C55"]
[WhiteElo "2047"]
[BlackElo "1920"]
[Annotator ",Fred"]
[PlyCount "45"]
[EventDate "2009.??.??"]
[TimeControl "40/5400+30:0"]

1. e4 e5 2. Nf3 Nc6 3. Bc4 Nf6 4. d4 Bb4+ 5. c3 Bd6 6. O-O O-O 7. Bg5 h6 8. Bh4
Qe7 9. Nbd2 a5 10. Kh1 a4 11. dxe5 Bxe5 12. a3 Qc5 13. Nxe5 Nxe5 14. Bxf6 gxf6
15. Qh5 d6 16. Ba2 Kg7 17. f4 Nd3 18. Qh4 Nxb2 19. Rf3 h5 20. Rg3+ Bg4 21. e5
dxe5 22. Qxh5 Rh8 23. Rxg4+ 1-0

[Event "Stadtmeisterschaft Ulm/Neu Ulm 2009"]
[Site "Ulm"]
[Date "2009.12.11"]
[Round "7"]
[White "Frieder, Smolny"]
[Black "Lepschi, Albert"]
[Result "1-0"]
[ECO "E18"]
[WhiteElo "1970"]
[BlackElo "1716"]
[Annotator ",Fred"]
[PlyCount "101"]
[EventDate "2009.??.??"]
[TimeControl "40/5400+30:0"]

1. Nf3 Nf6 2. c4 e6 3. g3 Be7 4. Bg2 O-O 5. O-O d5 6. d4 b6 7. cxd5 exd5 8. Nc3
Bb7 9. Bf4 Na6 10. Rc1 Rc8 11. Nb5 Qe8 12. Nxc7 Nxc7 13. Rxc7 Rxc7 14. Bxc7 Qd7
15. Bf4 Nh5 16. Bd2 Re8 17. e3 Bd6 18. Qb3 Nf6 19. Rc1 Ne4 20. Bb4 Qb5 21. Bxd6
Qxb3 22. axb3 Nxd6 23. Ne5 Rc8 24. Rxc8+ Nxc8 25. Kf1 Kf8 26. Ke2 Ke7 27. Kd2
Nd6 28. Nd3 Ne8 29. h4 Kd6 30. Bh3 Nf6 31. f3 h6 32. Nf2 Nh5 33. g4 Ng3 34. Nd1
Bc8 35. Ke1 h5 36. Kf2 hxg4 37. Bxg4 Bxg4 38. Kxg3 Bf5 39. b4 a6 40. Nc3 Bd3
41. Kf4 Bg6 42. Na4 Kc6 43. Ke5 Bh5 44. f4 Bg4 45. f5 Bf3 46. Nc3 Bg2 47. b5+
axb5 48. Na2 Kd7 49. f6 gxf6+ 50. Kxf6 Ke8 51. Nb4 1-0

[Event "Stadtmeisterschaft Ulm/Neu Ulm 2009"]
[Site "Ulm"]
[Date "2009.12.11"]
[Round "7"]
[White "Mayer, Arnd"]
[Black "Andritzke, Karl-Heinz"]
[Result "1-0"]
[ECO "E11"]
[WhiteElo "1948"]
[BlackElo "1414"]
[Annotator ",Fred"]
[PlyCount "69"]
[EventDate "2009.??.??"]
[TimeControl "40/5400+30:0"]

1. d4 Nf6 2. c4 e6 3. Nf3 Bb4+ 4. Bd2 c5 5. Bxb4 cxb4 6. Nbd2 Nc6 7. e3 d5 8.
Bd3 O-O 9. O-O Qc7 10. Qc2 Ne7 11. Rac1 Ng6 12. Qa4 Qe7 13. c5 a5 14. a3 bxa3
15. b4 Bd7 16. b5 e5 17. Bxg6 hxg6 18. Nxe5 Ne4 19. Nxe4 dxe4 20. Nxd7 Qxd7 21.
Rfd1 Qd5 22. Qxa3 a4 23. Rc3 Ra5 24. Qb4 Rfa8 25. Ra1 Qd7 26. c6 bxc6 27. bxc6
Qd5 28. c7 Rb5 29. c8=Q+ Rxc8 30. Rxc8+ Kh7 31. Qxa4 Qb7 32. Rcc1 Rb2 33. Qc6
Qb4 34. Qxe4 Qd2 35. Qh4+ 1-0

[Event "Stadtmeisterschaft Ulm/Neu Ulm 2009"]
[Site "Ulm"]
[Date "2009.12.11"]
[Round "7"]
[White "Deißler, Helmut"]
[Black "Gebhardt, Uwe"]
[Result "0-1"]
[ECO "A44"]
[WhiteElo "1799"]
[BlackElo "1941"]
[Annotator ",Fred"]
[PlyCount "86"]
[EventDate "2009.??.??"]
[TimeControl "40/5400+30:0"]

1. d4 g6 2. c4 Bg7 3. e4 c5 4. d5 d6 5. Nc3 e5 6. dxe6 fxe6 7. Nb5 Bf8 8. Nf3
a6 9. Nc3 Nc6 10. Bg5 Qc7 11. Qd2 h6 12. Bh4 g5 13. Bg3 e5 14. Nd5 Qd8 15. Be2
Bg7 16. h3 Be6 17. a3 Nf6 18. Nxf6+ Bxf6 19. Rd1 Nd4 20. Nxd4 cxd4 21. Bh5+ Kf8
22. Rc1 Rc8 23. Bg4 Bxg4 24. hxg4 Qd7 25. f3 Qa4 26. Qb4 Qc6 27. Ke2 Kf7 28.
Qa5 Ke7 29. Kd3 Rc7 30. Qb4 Kf7 31. b3 Kg6 32. Qa5 Qd7 33. a4 Rhc8 34. Qd2 b5
35. Qb4 bxc4+ 36. Rxc4 Rb7 37. Qa3 d5 38. exd5 e4+ 39. fxe4 Qxg4 40. e5 Qxg3+
41. Kxd4 Bxe5+ 42. Ke4 Rxc4+ 43. bxc4 Qxa3 0-1

[Event "Stadtmeisterschaft Ulm/Neu Ulm 2009"]
[Site "Ulm"]
[Date "2009.12.11"]
[Round "7"]
[White "Geutebrück, Sebastian"]
[Black "Hartmann, Thomas"]
[Result "1-0"]
[ECO "A40"]
[WhiteElo "1910"]
[BlackElo "1871"]
[Annotator ",Fred"]
[PlyCount "73"]
[EventDate "2009.??.??"]
[TimeControl "40/5400+30:0"]

1. d4 e5 2. dxe5 Nc6 3. Nf3 Qe7 4. e6 dxe6 5. c3 Nf6 6. Bg5 h6 7. Bh4 g5 8. Bg3
Bg7 9. Nbd2 Nh5 10. e3 Nxg3 11. hxg3 Bd7 12. Qc2 O-O-O 13. O-O-O f5 14. Bd3
Rhf8 15. e4 Qf7 16. Rde1 e5 17. exf5 Qxa2 18. g4 Na5 19. Nxe5 Ba4 20. b3 Qa1+
21. Qb1 Qxc3+ 22. Qc2 Nxb3+ 23. Nxb3 Qxb3 24. Qxb3 Bxb3 25. Bc2 Bxc2 26. Kxc2
Rd5 27. Ng6 Rc5+ 28. Kb3 Rd8 29. Re7 Rd7 30. Re8+ Rd8 31. Re7 Bf6 32. Re4 b6
33. Rxh6 Rd3+ 34. Ka4 Kb7 35. Rh3 Ra5+ 36. Kb4 c5+ 37. Kc4 1-0